 Dungeon Crawl Stone Soup version 0.20-a0-32-gb8e7c72 (webtiles) character file.

9713 sveltemanboy the Spear-Bearer (level 11, -7/81 HPs)
             Began as a Demonspawn Gladiator on Nov 8, 2016.
             Was a High Priest of Okawaru.
             Mangled by a death knight
             ... wielding a +2 great sword of protection
              (21 damage)
             ... on level 11 of the Dungeon.
             The game lasted 00:25:17 (10674 turns).

sveltemanboy the Spear-Bearer (DsGl)               Turns: 10674, Time: 00:25:17

Health: -7/81      AC: 17    Str: 16 (18) XL:     11   Next: 26%
Magic:  16/16      EV: 16    Int: 13 (14) God:    Okawaru [*****.]
Gold:   526        SH:  0    Dex: 13 (15) Spells: 0 memorised, 10 levels left

rFire  . . .     SeeInvis .     a - +2 trident (flame)
rCold  . . .     Gourm    .     s - +0 chain mail
rNeg   . . .     Faith    .     (no shield)
rPois  .         Spirit   .     (helmet unavailable)
rElec  .         Reflect  .     k - +2 cloak
rCorr  .         Harm     .     (no gloves)
MR     .....                    o - +2 pair of boots
Stlth  +.........               (no amulet)
                                y - +4 ring of evasion
                                P - ring of stealth

@: brilliant, heroism
A: horns 3, powered by death 1, sturdy frame 2
a: Heroism, Finesse, Renounce Religion


You were on level 11 of the Dungeon.
You worshipped Okawaru.
Okawaru was extremely pleased with you.
You were not hungry.

You visited 2 branches of the dungeon, and saw 12 of its levels.

You collected 526 gold pieces.

Inventory:

Hand Weapons
 a - a +2 trident of flaming (weapon)
Missiles
 d - 4 throwing nets
 B - 10 tomahawks (quivered)
 D - 7 steel javelins
 E - 5 tomahawks of returning
 K - 5 javelins of returning
Armour
 k - a +2 cloak (worn)
 o - a +2 pair of boots (worn)
 s - a +0 chain mail (worn)
Jewellery
 e - an uncursed ring of flight
 y - a +4 ring of evasion (right hand)
 C - an uncursed ring of ice
 P - a ring of stealth (left hand)
Wands
 b - a wand of digging (13/24)
 H - a wand of lightning (0/15)
 L - a wand of acid (4/15)
 Q - a wand of digging (11/24)
 W - a wand of flame (36/48)
Scrolls
 h - 4 scrolls of enchant armour
 l - 5 scrolls of teleportation
 m - 7 scrolls of remove curse
 n - a scroll of magic mapping
 u - a scroll of amnesia
Potions
 j - 2 potions of brilliance
 p - 3 potions of might {unknown}
 q - 3 potions of curing
 r - 2 potions of degeneration
 t - a potion of cure mutation {unknown}
 v - a potion of magic {unknown}
 w - 3 potions of cancellation
 z - 2 potions of flight
 F - a potion of invisibility
 N - a potion of berserk rage
 O - 2 potions of haste
 R - 3 potions of agility
Miscellaneous
 c - a phial of floods (inert)
Comestibles
 f - 13 bread rations
 g - 7 meat rations
 i - 2 slices of pizza
 x - 5 beef jerkies
 A - 11 fruits
 G - 6 chunks of flesh
 I - a royal jelly


   Skills:
 + Level 5.7(10.7) Fighting
 * Level 11.9(16.9) Polearms
 - Level 3.3(8.3) Throwing
 - Level 3.2(8.2) Armour
 - Level 2.6(7.6) Dodging
   Level 2.0(7.0) Shields
 - Level 7.3 Invocations
 + Level 7.4 Evocations


You had 10 spell levels left.
You didn't know any spells.

Dungeon Overview and Level Annotations

Branches:
Dungeon (11/15)            Temple (1/1) D:4            Lair (0/6) D:10
    Orc: D:9-12

Altars:
Cheibriados
Dithmenos
Elyvilon
Fedhas
Gozag
Hepliaklqana
Kikubaaqudgha
Makhleb
Nemelex Xobeh
Okawaru
Qazlal
Ru
Sif Muna
Trog
Uskayaw
Vehumet
Xom
Yredelemnul
Zin
The Shining One

Annotations:
D:7 1 runed door


Innate Abilities, Weirdness & Mutations

You have a pair of large horns on your head.
You regenerate a little health from kills.
Your movements are less encumbered by armour. (ER -4)


Message History

The death knight is lightly wounded.
You puncture the death knight! You burn the death knight.
The death knight is heavily wounded.
The death knight reflects your damage back at you!
The death knight hits you with a great sword of protection!!
* * * LOW HITPOINT WARNING * * *
A wraith comes into view.
The death knight's dark mirror aura disappears.
It was a potion of curing.
You feel better.
The death knight hits you with a great sword of protection!
* * * LOW HITPOINT WARNING * * *
It was a potion of cancellation.
You feel magically purged. The death knight closely misses you.
It was a potion of brilliance.
You feel clever all of a sudden.
It was a potion of degeneration.
There was something very wrong with that liquid.
You feel weakened.
You feel dopey.
You feel clumsy.
The death knight hits you with a great sword of protection!!
You die...

##.########
..p.h.....#
##.######W#
#.# #.. #W####
..# #....# #.#
####W# ..# #p#
#.# #@# #.#
#.# #.# #.#
##.##### #.#
.......# #.#
#####..# #.#
#..# #.#
#..#########.#
#............#


You could see a death knight and a wraith.

Vanquished Creatures
  Snorg (D:10)
  Pikel (D:9)
  A manticore (D:11)
  A centaur zombie (D:10)
  Prince Ribbit (D:8)
  3 hippogriffs
  3 wraiths (D:11)
  Sigmund (D:2)
  2 wyverns
  3 yaks (D:10)
  A steam dragon (D:8)
  2 hungry ghosts (D:9)
  An orc warrior (D:10)
  3 sky beasts
  4 ice beasts
  An eye of draining (D:11)
  2 phantoms
  4 ogres
  6 centaurs
  A big kobold (D:11)
  2 gnoll sergeants
  7 bullfrogs
  12 killer bees
  4 scorpions
  6 wights
  3 crimson imps
  A bullfrog zombie (D:9)
  7 hounds
  A jelly (D:9)
  A centaur skeleton (D:7)
  10 orc priests
  14 orc wizards
  4 bullfrog skeletons
  3 iguanas
  Natasha (thrice) (D:2)
  7 worker ants
  2 hound skeletons
  2 howler monkey zombies
  3 worker ant zombies
  12 gnolls
  A howler monkey skeleton (D:9)
  12 adders
  2 shadow imps
  2 oozes
  An adder zombie (D:5)
  2 adder skeletons
  3 worms
  4 leopard geckos
  46 orcs
  8 bats
  A giant cockroach (D:1)
  8 goblins
  7 hobgoblins
  18 jackals
  6 quokkas
  2 ball pythons
  4 frilled lizards
  10 kobolds
  A kobold skeleton (D:7)
  7 rats
291 creatures vanquished.

Notes
Turn   | Place    | Note
-------+----------+-------------------------------------------
     0 | D:1      | sveltemanboy the Demonspawn Gladiator began the quest for the Orb.
     0 | D:1      | Reached XP level 1. HP: 16/16 MP: 1/1
   236 | D:1      | Reached skill level 3 in Polearms
   429 | D:1      | Gained mutation: Your movements are slightly less encumbered by armour. (ER -2) [demonic ancestry]
   429 | D:1      | Reached XP level 2. HP: 22/22 MP: 2/2
  1017 | D:2      | Gained mutation: You have a pair of small horns on your head. [demonic ancestry]
  1017 | D:2      | Reached XP level 3. HP: 12/27 MP: 3/3
  1506 | D:2      | Noticed Sigmund
  1515 | D:2      | Killed Sigmund
  1515 | D:2      | Reached skill level 4 in Polearms
  1515 | D:2      | Reached skill level 1 in Shields
  1515 | D:2      | Gained mutation: You have a pair of horns on your head. [demonic ancestry]
  1515 | D:2      | Reached XP level 4. HP: 23/33 MP: 4/4
  1515 | D:2      | Reached XP level 5. HP: 26/38 MP: 5/5
  1535 | D:2      | Found a burning altar of Makhleb.
  1537 | D:2      | Noticed an Executioner
  1711 | D:2      | Noticed Natasha
  1719 | D:2      | Killed Natasha
  2089 | D:2      | Noticed Natasha
  2099 | D:2      | Killed Natasha
  2099 | D:2      | Reached skill level 5 in Polearms
  2099 | D:2      | Gained mutation: Your movements are less encumbered by armour. (ER -4) [demonic ancestry]
  2099 | D:2      | Reached XP level 6. HP: 40/44 MP: 6/6
  2220 | D:2      | Noticed Natasha
  2226 | D:2      | Killed Natasha
  3069 | D:4      | Reached skill level 6 in Polearms
  3069 | D:4      | Reached XP level 7. HP: 39/50 MP: 7/7
  3521 | D:4      | Found a staircase to the Ecumenical Temple.
  3530 | Temple   | Entered the Ecumenical Temple
  3561 | Temple   | Became a worshipper of Warmaster Okawaru
  3592 | D:4      | Reached skill level 1 in Invocations
  3687 | D:4      | Found a sacrificial altar of Ru.
  3795 | D:4      | Found a blossoming altar of Fedhas.
  3944 | D:5      | Entered Level 5 of the Dungeon
  4179 | D:5      | Reached skill level 7 in Polearms
  4214 | D:5      | Reached XP level 8. HP: 53/56 MP: 9/9
  4236 | D:5      | Reached * piety under Okawaru
  4744 | D:6      | Reached skill level 1 in Evocations
  5309 | D:6      | Reached skill level 8 in Polearms
  5537 | D:6      | Reached skill level 5 in Invocations
  5839 | D:7      | Reached ** piety under Okawaru
  5839 | D:7      | Gained mutation: You regenerate a little health from kills. [demonic ancestry]
  5839 | D:7      | Reached XP level 9. HP: 61/61 MP: 12/12
  6076 | D:7      | Found a runed door.
  6078 | D:7      | Found a basalt altar of Yredelemnul.
  6231 | D:7      | Reached skill level 9 in Polearms
  6463 | D:7      | Found a shimmering altar of Xom.
  7198 | D:8      | Found an opulent altar of Gozag.
  7340 | D:8      | Noticed Prince Ribbit
  7348 | D:8      | Killed Prince Ribbit
  7610 | D:8      | Reached *** piety under Okawaru
  7610 | D:8      | Reached skill level 5 in Evocations
  7754 | D:8      | Found a faded altar of an unknown god.
  7754 | D:8      | Found a faded altar of an unknown god.
  7763 | D:8      | Found a faded altar of an unknown god.
  7765 | D:8      | Found a faded altar of an unknown god.
  7767 | D:8      | Found a hazy altar of Hepliaklqana.
  7815 | D:9      | Reached skill level 10 in Polearms
  8185 | D:9      | Gained mutation: You have a pair of large horns on your head. [demonic ancestry]
  8185 | D:9      | Reached XP level 10. HP: 67/67 MP: 15/15
  8365 | D:9      | Found a shadowy altar of Dithmenos.
  8516 | D:9      | Received a gift from Okawaru
  8769 | D:9      | Found a glowing golden altar of the Shining One.
  8809 | D:9      | Noticed Pikel
  8824 | D:9      | Killed Pikel
  8896 | D:10     | Entered Level 10 of the Dungeon
  8914 | D:9      | Reached **** piety under Okawaru
  8931 | D:10     | Found a staircase to the Lair.
  8975 | D:10     | Reached skill level 11 in Polearms
  9259 | D:10     | Received a gift from Okawaru
  9350 | D:10     | Noticed Snorg
  9393 | D:10     | Killed Snorg
  9393 | D:10     | Reached skill level 5 in Fighting
  9393 | D:10     | Reached XP level 11. HP: 18/79 MP: 16/16
 10457 | D:11     | Reached ***** piety under Okawaru
 10646 | D:11     | Noticed a death knight
 10674 | D:11     | Mangled by a death knight

Vault maps used:
D:1:      dpeg_arrival_water_temple_mockup
D:2:      makhleb_altar_promises_db, kennysheep_doodads, uniq_natasha,
          uniq_sigmund
D:3:      first_bread
D:4:      nicolae_ru_path_of_blood, fedhas_altar_fruit_tree
D:7:      xom_butterflies, grunt_ogre_cave, dk_yredelemnul_ordeal
D:8:      nicolae_gozag_cash_rules_everything_around_me,
          chequers_temple_overflow_minitemple, uniq_prince_ribbit1
D:9:      kennysheep_little_box, lemuel_coloured_pillars_altar,
          minmay_stone_trees_medium, uniq_pikel
D:10:     lair_0_dummy, uniq_snorg
D:11:     orc_0_dummy, minmay_misc_feat_four_crosses, eino_house_with_fridge,
          uniq_erica
Temple:   cyrus_circular_temple

Skill      XL: |  1  2  3  4  5  6  7  8  9 10 11 |
---------------+----------------------------------+-----
Polearms       | 3 4 5 6 7 8 10 11 | 11.9
Armour         | 2 3 |  3.2
Shields        | 1 2 |  2.0
Throwing       | 2 3 |  3.3
Invocations    | 2 5 7 |  7.3
Evocations     | 3 5 6 7 |  7.4
Fighting       | 5 |  5.7
Dodging        | |  2.6

Action                   |  1- 3 |  4- 6 |  7- 9 | 10-12 || total
-------------------------+-------+-------+-------+-------++-------
Melee: Trident           |   103 |   214 |   517 |   346 ||  1180
       Headbutt          |     2 |    26 |   105 |    66 ||   199
       Spear             |       |       |    52 |       ||    52
Throw: Throwing net      |     5 |       |       |       ||     5
       Stone             |     4 |       |       |       ||     4
       Tomahawk          |       |     3 |    30 |     6 ||    39
Invok: Heroism           |       |       |       |     1 ||     1
Evoke: Wand              |       |       |     1 |     2 ||     3
       Phial of floods   |       |       |       |     1 ||     1
  Use: Scroll            |       |       |    14 |     4 ||    18
       Potion            |       |       |       |     5 ||     5
  Eat: Chunk             |     2 |     5 |    15 |     9 ||    31
       Royal jelly       |       |       |     1 |       ||     1
       Beef jerky        |       |       |       |     2 ||     2
Armor: Ring mail         |    36 |     1 |       |       ||    37
       Chain mail        |       |    87 |   146 |    95 ||   328
Dodge: Dodged            |    64 |   102 |   275 |   141 ||   582
